AoeStats
← TikiTiki95

Scandinavia

510513976Analyzed
1v1 RM · 2d ago on Oct 1, 2026· 43m 40s· 2 players
Game mode
Random Map
Map size
Tiny (2 player)
Population
200
Speed
Normal
Resources
Standard
Victory
Conquest
Starting age
Dark Age
Ending age
Imperial Age
RankedLock teamsTeams togetherTeam positionsShared explorationLock speedFull tech treeHidden civsTurbo modeCheats
Victory
Defeat
🇦🇷 Vikings · Argentina
1106
+15
🇬🇧 Saracens · United Kingdom
1079
-15
Horahlooks
8:21 Loom
10:09 Feudal Age
11:00 Double-Bit Axe
15:23 Fishing Lines
17:42 Fletching
22:06 Castle Age
22:10 Bloodlines
23:12 Bow Saw
23:02 Bodkin Arrow
26:51 Light Cavalry
28:19 Scale Barding Armor
27:48 Crossbowman
30:56 Ballistics
30:49 Forging
31:25 Gillnets
32:12 Husbandry
33:58 Wheelbarrow
37:05 Imperial Age
34:21 Town Watch
35:08 Thumb Ring
35:12 Gold Mining
36:11 Padded Archer Armor
36:32 Chain Barding Armor
37:35 Bimaristan
37:56 Sanctity
38:04 Bracer
38:35 Conscription
39:10 Parthian Tactics
40:48 Chemistry
40:34 Hussar
TikiTiki95
10:51 Loom
13:30 Feudal Age
17:59 Castle Age
16:10 Double-Bit Axe
19:44 Horse Collar
22:22 Scale Mail Armor
25:56 Fletching
25:32 Elite Skirmisher
26:32 Padded Archer Armor
26:48 Bow Saw
27:36 Gold Mining
28:33 Leather Archer Armor
29:23 Bodkin Arrow
33:20 Imperial Age
31:18 Town Watch
31:50 Stone Mining
32:17 Forging
34:04 Gold Shaft Mining
34:07 Iron Casting
34:12 Bracer
34:57 Conscription
36:54 Ring Archer Armor
38:15 Blast Furnace
38:21 Chemistry
38:07 Chain Mail Armor
41:12 Chieftains
Connection lost

Rejoining the realm…

Still unreachable

The connection could not be restored.

Session expired

The server has moved on; the page needs a fresh start.